 Dungeon Crawl Stone Soup version 0.31.0-12-g77e489cdc1 (webtiles) character file.

Game seed: 14203699775231434285

20016 spaghetti the Marksnaga (level 12, 0/83 HPs)
             Began as a Naga Hunter on Feb 18, 2024.
             Was a Priest of Hepliaklqana.
             Slain by a hornet (3 damage)
             ... in a Gauntlet.
             The game lasted 00:16:39 (11541 turns).

spaghetti the Marksnaga (Naga Hunter)              Turns: 11541, Time: 00:16:40

Health: 0/83       AC: 14    Str: 14    XL:     12   Next: 75%
Magic:  0/12       EV: 10    Int: 14    God:    Hepliaklqana [***...]
Gold:   1312       SH:  0    Dex: 18    Spells: 11/11 levels left

rFire   . . .        u - +0 arbalest
rCold   . . .        (shield currently unavailable)
rNeg    + . .        E - +0 steam dragon scales
rPois   +            e - +1 helmet
rElec   .            g - +0 cloak
rCorr   .            D - +0 pair of gloves
SInv    +            (no barding)
Will    +....        j - amulet of guardian spirit
Stlth   ++           k - +4 ring of protection
HPRegen 0.33/turn    p - ring of Ciublefi {rN+ Int+3 Slay+6}
MPRegen 0.13/turn

%: no teleportation, guardian spirit
@: lethally poisoned (0 -> -4), slowed, very slow
A: reduced essence, AC +4, large, see invisible, deformed body, poison
resistance, slowness 2, spit poison 1, naga tail 1
a: Spit Poison, Renounce Religion, Recall Ancestor, Ancestor Identity,
Transference


You were in a Gauntlet.
You worshipped Hepliaklqana.
Hepliaklqana was most pleased with you.
You visited 4 branches of the dungeon, and saw 13 of its levels.
You also visited: Gauntlet.

You collected 1312 gold pieces.

Inventory:

Hand Weapons
 a - a +2 shortbow of freezing
 u - a +0 arbalest (weapon)
Armour
 c - a +0 leather armour
 e - a +1 helmet (worn)
 g - a +0 cloak (worn)
 D - a +0 pair of gloves (worn)
 E - +0 steam dragon scales (worn)
Jewellery
 j - an amulet of guardian spirit (around neck)
 k - a +4 ring of protection (left hand)
 l - a ring of protection from cold
 p - the ring of Ciublefi (right hand) {rN+ Int+3 Slay+6}
   (You found it on level 6 of the Dungeon)

   [ring of positive energy]

   Int+3:     It affects your intelligence (+3).
   Slay+6:    It affects your accuracy & damage with ranged weapons and melee
   (+6).
   rN+:       It protects you from negative energy.
 q - a ring of magical power
 w - an amulet of the acrobat
 z - a ring of fire
Wands
 m - a wand of iceblast (8)
 r - a wand of flame (19)
 x - a wand of polymorph (10)
 A - a wand of acid (11)
Scrolls
 i - 2 scrolls of teleportation
 n - 3 scrolls of immolation
 o - 5 scrolls of enchant armour
 C - a scroll of revelation
 F - a scroll of amnesia {unknown}
Potions
 d - a potion of brilliance
 f - 3 potions of magic
 h - a potion of might
 s - 2 potions of resistance
 t - a potion of haste {unknown}
 v - a potion of attraction


   Skills:
 - Level 2.0 Fighting
 + Level 18.9 Ranged Weapons
 - Level 1.5 Dodging
 - Level 1.5 Stealth


You had 11 spell levels left.
You didn't know any spells.
Your spell library contained the following spells:

 Spells                   Type           Power      Damage    Failure   Level
 Freeze                   Ice            0%         1d3       28%         1
 Frozen Ramparts          Ice            0%         1d1       65%         3
 Hailstorm                Conj/Ice       0%         3d5       65%         3
 Volatile Blastmotes      Fire/Tloc      0%         2d10      65%         3
 Fulminant Prism          Conj/Alch      0%         3d5       96%         4
 Iskenderun's Mystic Bla  Conj/Tloc      0%         2d3       96%         4
 Summon Blazeheart Golem  Fire/Summ      0%         N/A       96%         4
 Orb of Destruction       Conj           0%         9d5       100%        7
 Spellforged Servitor     Conj/Summ      0%         N/A       100%        7


Dungeon Overview and Level Annotations

Branches:
Dungeon (9/15)             Temple (1/1) D:7            Lair (1/5) D:9
    Orc (2/2) D:9             Elf (0/3) Orc:2       Gauntlet (1/1)

Altars:
Cheibriados
Dithmenos
Elyvilon
Fedhas
Gozag
Hepliaklqana
Kikubaaqudgha
Makhleb
Nemelex Xobeh
Okawaru
Qazlal
Ru
Trog
Uskayaw
Vehumet
Yredelemnul
Zin
The Shining One

Shops:
Orc:2 [*(=

Portals:
Abyss: Orc:1

Annotations:
Orc:1 2 transporters, Veudig's ghost, journeyman HOFi Gauntlet 8 transporters, exclusion: orange crystal statue


Innate Abilities, Weirdness & Mutations

Your life essence is reduced to manifest your ancestor. (-10% HP)
Your serpentine skin is tough. (AC +4)
You have supernaturally acute eyesight. (SInv)
Armour fits poorly on your strangely shaped body.
Your system is resistant to poisons. (rPois)
You cover ground very slowly.
You can spit poison.
You have a snake-like lower body.


Message History

The hornet stings you!
You feel as though you will be slow longer.
Duaenre hits the hornet with a +0 quarterstaff!
The hornet stings you.
* * * LOW HITPOINT WARNING * * *
You are more poisoned.
The hornet barely misses you.
Okay, then.
Okay, then.
Aiming: Corrosive Bolt
Press: ? - help, Shift-Dir - straight line, f/p - hornet
Aim: a hornet (moderately wounded, ally target, 57% to hit)
The bolt of acid hits the hornet!
The acid corrodes the hornet!
The hornet is heavily wounded.
You feel very sick. The hornet completely misses you.
The hornet barely misses you.
Duaenre hits the hornet with a +0 quarterstaff!
The hornet stings Duaenre!
The hornet stings you but does no damage.
Duaenre closely misses the hornet.
Unknown command.
Unknown command.
You shoot a bolt. The bolt hits the hornet.
The hornet is severely wounded.
You feel very sick.
The hornet stings Duaenre.
The hornet stings you but does no damage.
The hornet stings Duaenre!
The hornet stings you!
* * * LOW HITPOINT WARNING * * *
Duaenre closely misses the hornet.
Unknown command.
Okay, then.
You shoot a bolt. The bolt closely misses the hornet.
* * * LOW HITPOINT WARNING * * *
You feel very sick.
The hornet stings Duaenre.
Duaenre is destroyed!
The hornet stings you but does no damage.
The hornet stings you.
You die...

. # .#.###..# # . ##.##.#. # . #.
##.###..#. .## .##.###.#Z.#.##
#... ############### ####
.©#≈§§≈8§§§§#©. ....
################ ####
......y@y....... ≈8§§
################ #####
#.##...©[).##.#. ..#..
#.#.#.....#.#.#. . #...
#.#..#...#..#.## ..#...
.≈.≈≈....#.#...#.#...#.#. #.#....
©..≈©.≈≈.#.#....#....#.#5..###..©
!..≈≈.≈.≈#.#...#©#...#.#...©#.##?
≈.≈..≈..≈#.#..#.R.#..#.#...#....#


You could see 2 hornets and a centaur warrior simulacrum.

Vanquished Creatures
  An orc warlord (Orc:2)
  3 orc high priests (Orc:2)
  An orc knight (Orc:1)
  5 orc sorcerers
  Maurice (D:8)
  2 kobold blastminers
  A cane toad (Lair:1)
  Jeremiah (D:8)
  A komodo dragon (D:9)
  2 trolls (Orc:2)
  Sigmund (D:3)
  A wraith (D:7)
  A wyvern (D:9)
  16 yaks
  A steam dragon (D:8)
  2 water moccasins
  2 sky beasts
  20 orc warriors
  2 ice beasts
  3 ogres
  A centaur (D:7)
  2 phantoms
  3 kobold brigands
  3 bullfrogs
  2 scorpions
  4 wights (D:9)
  2 jellies
  3 killer bees (D:9)
  2 howler monkeys (D:8)
  4 hounds
  A bombardier beetle (D:4)
  16 orc priests
  A sleepcap (D:4)
  4 iguanas
  24 orc wizards
  4 gnolls
  4 adders
  A shadow imp (D:5)
  A white imp (D:7)
  A dart slug (D:4)
  61 orcs
  3 bats
  7 endoplasms
  3 giant cockroaches
  7 goblins
  4 hobgoblins
  3 jackals (D:2)
  23 kobolds
  3 quokkas (D:3)
  4 ball pythons
  A frilled lizard (D:2)
  2 rats (D:1)
271 creatures vanquished.

Vanquished Creatures (collateral kills)
  A two-headed ogre (Orc:2)
  2 orc high priests (Orc:2)
  2 orc knights (Orc:2)
  Maggie (D:9)
  A troll (Orc:1)
  A hornet (Gauntlet)
  2 yaks
  A warg (Orc:2)
  7 orc warriors
  2 orc priests (Orc:2)
  2 orc wizards
  10 orcs
32 creatures vanquished.

Vanquished Creatures (others)
  3 ancestors (D:9)
  5 battlemagi
  An orc (Orc:1)
9 creatures vanquished.

Grand Total: 312 creatures vanquished

Notes
Turn   | Place    | Note
-------+----------+-------------------------------------------
     0 | D:1      | spaghetti the Naga Hunter began the quest for the Orb.
     0 | D:1      | Reached XP level 1. HP: 19/19 MP: 1/1
   377 | D:1      | Reached skill level 4 in Ranged Weapons
   377 | D:1      | Reached XP level 2. HP: 26/26 MP: 2/2
  1196 | D:2      | Reached XP level 3. HP: 32/32 MP: 3/3
  2227 | D:3      | Noticed Sigmund
  2251 | D:3      | Killed Sigmund
  2252 | D:3      | Reached skill level 6 in Ranged Weapons
  2252 | D:3      | Reached XP level 4. HP: 15/39 MP: 2/4
  2252 | D:3      | Reached XP level 5. HP: 17/45 MP: 2/5
  2563 | D:3      | Found a glowing silver altar of Zin.
  2644 | D:3      | Found a stormy altar of Qazlal.
  2842 | D:4      | Reached XP level 6. HP: 52/52 MP: 6/6
  3244 | D:4      | Reached skill level 7 in Ranged Weapons
  3695 | D:5      | Entered Level 5 of the Dungeon
  3967 | D:5      | Reached XP level 7. HP: 52/60 MP: 7/7
  4012 | D:5      | Reached skill level 8 in Ranged Weapons
  4504 | D:6      | HP: 3/60 [ogre/+0 giant club (16)]
  4506 | D:5      | HP: 1/60 [kobold/+0 whip (3)]
  4511 | D:5      | HP: 3/60 [kobold/+0 whip (5)]
  4511 | D:5      | HP: 1/60 [ogre/+0 giant club (2)]
  4735 | D:6      | Identified the ring of Ciublefi {rN+ Int+3 Slay+6}
  4807 | D:6      | Reached XP level 8. HP: 61/67 MP: 8/8
  4963 | D:6      | Reached skill level 9 in Ranged Weapons
  5341 | D:7      | Reached skill level 10 in Ranged Weapons
  5389 | D:7      | Noticed a wraith
  5407 | D:7      | Killed a wraith
  5517 | D:7      | Found a staircase to the Ecumenical Temple.
  5539 | D:7      | Found an ancient bone altar of Kikubaaqudgha.
  5547 | D:7      | Reached XP level 9. HP: 73/73 MP: 9/9
  5557 | Temple   | Found a transporter.
  5557 | Temple   | Found a transporter.
  5557 | Temple   | Found a transporter.
  5557 | Temple   | Found a transporter.
  5557 | Temple   | Entered the Ecumenical Temple
  5577 | Temple   | Became a worshipper of Hepliaklqana the Forgotten
  5612 | D:7      | Found an iron altar of Okawaru.
  5698 | D:7      | Reached skill level 11 in Ranged Weapons
  6145 | D:8      | Noticed Maurice
  6156 | D:8      | Maurice stole an amulet of the acrobat
  6157 | D:8      | Killed Maurice
  6158 | D:8      | Reached skill level 12 in Ranged Weapons
  6430 | D:8      | Found a basalt altar of Yredelemnul.
  6574 | D:8      | Found a glowing golden altar of the Shining One.
  6576 | D:8      | Noticed an angel
  6622 | D:8      | Noticed Jeremiah
  6640 | D:8      | Killed Jeremiah
  6641 | D:8      | Reached skill level 13 in Ranged Weapons
  6641 | D:8      | Reached XP level 10. HP: 68/80 MP: 8/10
  7090 | D:8      | Reached skill level 14 in Ranged Weapons
  7293 | D:9      | Reached * piety under Hepliaklqana
  7341 | D:9      | Noticed Maggie
  7353 | D:9      | Killed Maggie
  7399 | D:9      | Found a staircase to the Lair.
  7617 | D:9      | Reached skill level 15 in Ranged Weapons
  7736 | D:9      | Reached XP level 11. HP: 77/77 MP: 11/11
  7782 | D:9      | Found a staircase to the Orcish Mines.
  7804 | D:9      | Found a bloodstained altar of Trog.
  8223 | Orc:1    | Entered Level 1 of the Orcish Mines
  8223 | Orc:1    | Noticed an orc sorcerer
  8223 | Orc:1    | Noticed an orc sorcerer
  8444 | D:9      | Killed an orc sorcerer
  8614 | Orc:1    | Killed an orc sorcerer
  8618 | Orc:1    | Reached ** piety under Hepliaklqana
  8619 | Orc:1    | Remembered your ancestor Duaenre as a battlemage
  8731 | Orc:1    | Noticed a rakshasa
  8732 | Orc:1    | Noticed an orc warlord
  8732 | Orc:1    | Noticed a worldbinder
  8732 | Orc:1    | Noticed a great orb of eyes
  8740 | Orc:1    | Noticed a large abomination
  8745 | Orc:1    | Found the +8 demon trident "Rift" {distort, reach+}
  8746 | Orc:1    | Found a transporter.
  8746 | Orc:1    | Noticed a large abomination
  8760 | Orc:1    | Found a transporter.
  8832 | Orc:1    | Reached skill level 16 in Ranged Weapons
  8991 | Orc:1    | Noticed Veudig's ghost (journeyman HOFi)
  8995 | Orc:1    | Found a one-way gate to the infinite horrors of the Abyss.
  9098 | Orc:1    | Noticed an occultist
  9264 | Orc:2    | Entered Level 2 of the Orcish Mines
  9264 | Orc:2    | Noticed a two-headed ogre
  9267 | Orc:2    | Killed a two-headed ogre
  9452 | Orc:2    | Reached *** piety under Hepliaklqana
  9627 | Orc:2    | Noticed an orc high priest
  9632 | Orc:2    | Killed an orc high priest
  9668 | Orc:2    | Noticed an orc knight
  9705 | Orc:2    | Reached skill level 17 in Ranged Weapons
  9721 | Orc:2    | Killed an orc knight
  9924 | Orc:2    | Found a staircase to the Elven Halls.
  9927 | Orc:2    | Noticed an orc warlord
  9937 | Orc:2    | Noticed an orc knight
 10284 | Orc:2    | Noticed an orc high priest
 10289 | Orc:2    | Killed an orc high priest
 10290 | Orc:2    | Reached XP level 12. HP: 81/83 MP: 10/12
 10480 | Orc:2    | Noticed an orc high priest
 10483 | Orc:2    | Killed an orc high priest
 10562 | Orc:2    | Killed an orc warlord
 10576 | Orc:2    | Reached skill level 18 in Ranged Weapons
 10882 | Orc:2    | Noticed an orc high priest
 10886 | Orc:2    | Killed an orc high priest
 10889 | Orc:2    | Noticed an orc high priest
 10891 | Orc:2    | Killed an orc high priest
 11026 | Orc:2    | Found Irchomeap's Antique Armour Boutique.
 11027 | Orc:2    | Found Runuom's Antique Weapon Boutique.
 11029 | Orc:2    | Found Sewer's General Store.
 11029 | Orc:2    | Found Kamm's Jewellery Shop.
 11250 | Lair:1   | Entered Level 1 of the Lair of Beasts
 11325 | Lair:1   | Found a gate leading to a gauntlet.
 11334 | Gauntlet | Entered a Gauntlet
 11334 | Gauntlet | Found a transporter.
 11344 | Gauntlet | Found a transporter.
 11352 | Gauntlet | Noticed a soul eater
 11359 | Gauntlet | Found a transporter.
 11364 | Gauntlet | Found a transporter.
 11379 | Gauntlet | Found a transporter.
 11398 | Gauntlet | Found a transporter.
 11400 | Gauntlet | Found the +6 arbalest "Damnation" {damnation}
 11499 | Gauntlet | Found a transporter.
 11530 | Gauntlet | Found a transporter.
 11531 | Gauntlet | Found a transporter.
 11531 | Gauntlet | Found a transporter.
 11541 | Gauntlet | HP: 3/83 [poisoned by a hornet]
 11541 | Gauntlet | Slain by a hornet

Illustrated notes

Levels and vault maps discovered:
D:1:      ebering_trefoil_3fold, layout_loops_corners
D:2:      layout_basic, kennysheep_generic_room_16
D:3:      layout_basic, marbit_many_paths, lemuel_coloured_pillars_altar,
          corexii_item_surrounded_by_moat, uniq_sigmund
D:4:      nicolae_cairo_tiling_large, layout_cave_pools, serial_column_ruins,
          column_ruins_open_small, column_ruins_open_medium_water,
          column_ruins_grid_3, column_ruins_open_small, column_ruins_grid_1,
          column_ruins_open_small, column_ruins_open_medium
D:5:      layout_loops_ring
D:6:      layout_gridville
D:7:      layout_basic, mainiacjoe_overflow_cross_hatched,
          mainiacjoe_overflow_paths, temple_fountains
D:8:      layout_basic, grunt_temple_overflow_holy_war, uniq_maurice,
          uniq_jeremiah
D:9:      layout_cave_pools, trog_three_pillars_becter, david_lair_shrubbed,
          orc_0_dummy, hangedman_decor_lopped, kennysheep_big_empty_room,
          uniq_maggie
Temple:   hellmonk_temple_divided_pantheon
Lair:1:   layout_long_grid, gauntlet_entry_generic, basic_altar,
          nzn_ghost_randoct, st_stairs_10, grunt_megastairs_5,
          lemuel_fruit_tree, uniq_nergalle
Orc:1:    layout_caves, gammafunk_ghost_abyssal_escape,
          nicolae_orc_takin'_care_of_business
Orc:2:    st_orc_congregation, layout_diamond_mine
Gauntlet: gammafunk_gauntlet_one_two_three [nicolae_gauntlet_arena_x,
          nicolae_gauntlet_arena_flowing_pool, nicolae_gauntlet_swirl,
          gammafunk_gauntlet_arena_hedges, nicolae_gauntlet_arena_t_cross,
          gammafunk_gauntlet_arena_crates, gammafunk_gauntlet_arena_mazey,
          gammafunk_gauntlet_arena_corners, nicolae_gauntlet_arena_quarters,
          dreamdust_gauntlet_exit_labyrinth]

Skill      XL: |  1  2  3  4  5  6  7  8  9 10 11 12 |
---------------+-------------------------------------+-----
Ranged Weapons | 4 6 7 8 10 13 15 17 18 | 18.9
Fighting       | |  2.0
Dodging        | |  1.5
Stealth        | |  1.5

Action                     |  1- 3 |  4- 6 |  7- 9 | 10-12 || total
---------------------------+-------+-------+-------+-------++-------
   Fire: Shortbow          |   100 |   130 |   273 |   232 ||   735
         Arbalest          |       |       |       |   235 ||   235
 Invoke: Ancestor Life: Ba |       |       |       |     1 ||     1
         Recall Ancestor   |       |       |       |     1 ||     1
Ability: Spit Poison       |     2 |     3 |     1 |     2 ||     8
  Evoke: Wand              |       |       |       |     6 ||     6
    Use: Potion            |     3 |     2 |     2 |     2 ||     9
         Scroll            |     5 |     2 |     8 |     8 ||    23
 Armour: Leather armour    |    49 |    56 |    80 |    57 ||   242
         Steam dragon scal |       |       |       |   121 ||   121
         Skin              |       |       |       |     1 ||     1
  Dodge: Dodged            |    41 |    41 |    57 |    93 ||   232
